 Dungeon Crawl Stone Soup version 0.28.0-47-ge53b351184 (webtiles) character file.

Game seed: 16677943141663984001

95766 bobregger the Bludgeoner (level 16, -1/297 HPs)
             Began as an Ogre Berserker on Apr 26, 2022.
             Was a High Priest of Trog.
             Slain by a shadow wraith (11 damage)
             ... on level 13 of the Dungeon.
             The game lasted 01:03:20 (30701 turns).

bobregger the Bludgeoner (Ogre Berserker)          Turns: 30701, Time: 01:03:21

Health: -1/297     AC: 19    Str: 25    XL:     16   Next: 15%
Magic:  16/16      EV: 21    Int:  8    God:    Trog [*****.]
Gold:   2473       SH:  0    Dex: 14    Spells: 15/15 levels left

rFire   + . .      SeeInvis .   b - +2 giant spiked club (protect)
rCold   + . .      Faith    .   (shield currently unavailable)
rNeg    . . .      Spirit   .   k - +2 robe {rC+ rF+}
rPois   .          Reflect  .   (helmet restricted)
rElec   .          Harm     .   l - +2 cloak
rCorr   .          Rampage  .   (gloves unavailable)
Will    .....                   (boots unavailable)
Stlth   ..........              v - amulet of regeneration
HPRegen 1.39/turn               i - +4 ring of evasion
MPRegen 0.15/turn               u - +4 ring of protection

@: berserking, weak-willed, under a protective aura, flying, very slightly
contaminated, slowed, studying Bows, unable to read
A: large, unfitting armour, tough skin 1, hooves 1, robust 1, inability to read
while threatened
a: Renounce Religion, Berserk, Trog's Hand, Brothers in Arms


You were on level 13 of the Dungeon.
You worshipped Trog.
Trog was extremely pleased with you.
You visited 3 branches of the dungeon, and saw 21 of its levels.
You also visited: Ice Cave.

You collected 2473 gold pieces.

Inventory:

Hand Weapons
 b - a +2 giant spiked club of protection (weapon)
Missiles
 c - 12 large rocks (quivered)
Armour
 k - a +2 robe of resistance (worn)
 l - a +2 cloak (worn)
Jewellery
 g - a ring of see invisible
 i - a +4 ring of evasion (left hand)
 u - a +4 ring of protection (right hand)
 v - an amulet of regeneration (around neck)
 A - an amulet of reflection
 C - a ring of positive energy
 D - a +6 ring of strength
Wands
 h - a wand of charming (12)
 q - a wand of digging (5)
 r - a wand of mindburst (9)
 s - a wand of flame (25)
 w - a wand of iceblast (15)
 B - a wand of polymorph (2)
 F - a wand of acid (4)
 I - a wand of paralysis (4)
Scrolls
 a - 4 scrolls of enchant armour
 f - 3 scrolls of silence
 m - a scroll of amnesia
 n - 12 scrolls of identify
 o - 7 scrolls of fear
 y - 2 scrolls of teleportation
 z - a scroll of fog
 G - 3 scrolls of blinking
Potions
 d - 2 potions of berserk rage
 j - 3 potions of attraction
 p - 5 potions of curing
 E - 4 potions of lignification
 H - 3 potions of heal wounds
Miscellaneous
 t - a phial of floods
 x - a piece from Xom's chessboard (15/15)


   Skills:
 + Level 16.5 Fighting
 * Level 17.5 Maces & Flails
 * Level 16.3 Dodging


You had 15 spell levels left.
You didn't know any spells.
Your spell library was empty.

Dungeon Overview and Level Annotations

Branches:
Dungeon (13/15)            Temple (0/1) D:7            Lair (6/6) D:10
  Swamp (0/4) Lair:2       Spider (0/4) Lair:3        Slime (0/5) Lair:6
    Orc (2/2) D:9             Elf (0/3) Orc:2         IceCv (visited)
 Vaults: D:13-14

Altars:
Dithmenos
Elyvilon
Fedhas
Gozag
Kikubaaqudgha
Okawaru
Vehumet
Yredelemnul
The Shining One
Beogh

Shops:
D:5 (   D:6 !   Orc:2 ![[(

Annotations:
D:13 croobank's ghost, journeyman GnFE


Innate Abilities, Weirdness & Mutations

You are too large for most types of armour.
You have tough skin. (AC +1)
You have large cloven feet.
You are robust. (+10% HP)
You sometimes lose the ability to read scrolls when taking damage.


Message History

* * * LOW HITPOINT WARNING * * *
Croobank's ghost hits you!!
* * * LOW HITPOINT WARNING * * *
Croobank's ghost burns you.
* * * LOW HITPOINT WARNING * * *
You miss croobank's ghost. You kick croobank's ghost.
Croobank's ghost is lightly damaged.
Something hits you but does no damage. The phantasmal warrior misses you.
Something completely misses you. Croobank's ghost hits you!
* * * LOW HITPOINT WARNING * * *
Croobank's ghost burns you.
* * * LOW HITPOINT WARNING * * *
You bludgeon croobank's ghost!!
Your weapon exudes an aura of protection.
Croobank's ghost is moderately damaged.
Something hits you.
* * * LOW HITPOINT WARNING * * *
Something drains your vigour!
You feel as though you will be slow longer.
The freezing wraith completely misses you.
The freezing wraith closely misses you. The phantasmal warrior misses you.
Something hits you.
* * * LOW HITPOINT WARNING * * *
Something drains your vigour!
You feel as though you will be slow longer.
Croobank's ghost hits you.
* * * LOW HITPOINT WARNING * * *
Croobank's ghost burns you.
* * * LOW HITPOINT WARNING * * *
You barely miss croobank's ghost. Your kick misses croobank's ghost.
Croobank's ghost is moderately damaged.
Something hits you!
* * * LOW HITPOINT WARNING * * *
Something drains your vigour!
You feel as though you will be slow longer.
The freezing wraith misses you.
The freezing wraith hits you but does no damage.
The phantasmal warrior barely misses you.
Something hits you!
You die...

######### .[8.8$.
##.)?).## .......
##.....##
#.......#
###WWW### ########
#..@{.# #......#
#.....# #......#
###.### #......#
#.# ###......#
#.#######.........
#.........########
#######..P#.......
#"..##.._..#
#..........†


You could see a phantasmal warrior, a freezing wraith and croobank's ghost.

Vanquished Creatures
  Jorgrun (Orc:2)
  An orc warlord (D:9)
  A minotaur (Orc:2)
  A fire dragon (Lair:6)
  The ghost of sanboga the Cleaver, a journeyman GrFi of Trog (Orc:2)
  10 hydras
  An ice dragon (Lair:6)
  2 ogre magi (Orc:2)
  3 boulder beetles
  2 ironbound frosthearts (IceCv)
  A death knight (D:12)
  9 two-headed ogres
  2 death yaks (IceCv)
  Urug (D:12)
  2 orc high priests
  Sonja (D:11)
  A fire crab (shapeshifter) (D:12)
  2 deep trolls (Orc:2)
  A swamp dragon (Lair:6)
  The ghost of rumses the Cudgeller, a novice TrFi (D:6)
  A lindwurm (Lair:6)
  3 orc knights
  2 ugly things
  3 orc sorcerers
  An oklob plant (D:11)
  A manticore (D:12)
  3 cyclopes
  28 elephants
  7 black mambas
  5 torpor snails (Lair:6)
  An ice statue (IceCv)
  21 cane toads
  An unseen horror (D:10)
  Maggie (D:9)
  3 rime drakes
  9 komodo dragons
  17 trolls
  6 hornets (Lair:6)
  15 polar bears
  8 slime creatures
  3 blink frogs (Lair:2)
  4 tyrant leeches (Lair:6)
  A jumping spider (Lair:3)
  2 wyverns (D:9)
  A vampire (D:12)
  58 yaks
  2 basilisks
  3 wraiths
  A death yak simulacrum (Lair:4)
  3 fire bats (Orc:2)
  2 vampire mosquitoes (D:10)
  2 wargs (Orc:2)
  5 acid dragons
  18 water moccasins
  2 swamp drakes (Lair:6)
  33 orc warriors
  A sky beast (D:6)
  A hornet zombie (D:8)
  2 ice beasts (D:5)
  4 black bears
  2 necrophages
  The ghost of Juicyj the Covered, an amateur FoFi (D:11)
  18 ogres
  31 wolves
  7 centaurs
  3 kobold brigands
  15 bullfrogs
  A gnoll sergeant (D:9)
  2 wyvern zombies (D:6)
  3 scorpions
  3 wights (D:7)
  5 howler monkeys
  2 electric eels
  3 lava snakes (D:10)
  5 centaur zombies
  A bullfrog skeleton (D:5)
  A jelly (D:6)
  20 orc priests
  Crazy Yiuf (D:4)
  5 iguanas
  19 orc wizards
  3 polar bear simulacra (Lair:4)
  A howler monkey zombie (D:9)
  7 gnolls
  10 adders
  A shadow imp (D:5)
  6 white imps
  2 ufetubi (D:4)
  2 worms
  2 dart slugs
  77 orcs
  6 ball pythons
  7 bats
  7 endoplasms
  A giant cockroach (D:1)
  10 goblins
  9 hobgoblins
  4 quokkas
  3 frilled lizards
  18 kobolds
  A quokka skeleton (D:4)
  3 rats
  A spectral hobgoblin (D:1)
657 creatures vanquished.

Vanquished Creatures (collateral kills)
  A death yak (IceCv)
  3 two-headed ogres (Orc:2)
  A troll (Orc:2)
  An orc warrior (Orc:2)
  An ogre (Orc:2)
7 creatures vanquished.

Vanquished Creatures (others)
  A vampire (D:12)
  3 yaks (D:4)
  An orc warrior (Orc:1)
  A hound (D:6)
  2 orc wizards
  2 orcs
  A bush (Lair:2)
  24 fungi
  77 plants
112 creatures vanquished.

Grand Total: 776 creatures vanquished

Notes
Turn   | Place    | Note
-------+----------+-------------------------------------------
     0 | D:1      | bobregger the Ogre Berserker began the quest for the Orb.
     0 | D:1      | Reached XP level 1. HP: 24/24 MP: 1/1
   121 | D:1      | Reached XP level 2. HP: 30/32 MP: 2/2
   398 | D:1      | Found a faded altar of an unknown god.
   693 | D:2      | Reached ** piety under Trog
   694 | D:2      | Reached skill level 3 in Maces & Flails
   694 | D:2      | Reached XP level 3. HP: 39/39 MP: 3/3
  1499 | D:2      | Reached XP level 4. HP: 49/49 MP: 4/4
  2527 | D:3      | You fall into a shaft and drop 1 floor!
  2539 | D:4      | Reached skill level 5 in Fighting
  2539 | D:4      | Reached XP level 5. HP: 57/57 MP: 5/5
  2671 | D:4      | Noticed a yak
  2671 | D:4      | Noticed a yak
  2671 | D:4      | Noticed a yak
  2671 | D:4      | Noticed a yak
  2671 | D:4      | Noticed a yak
  2672 | D:4      | Noticed a yak
  2690 | D:5      | Entered Level 5 of the Dungeon
  3359 | D:3      | Found a white marble altar of Elyvilon.
  3512 | D:3      | Found a basalt altar of Yredelemnul.
  3911 | D:4      | Found an iron altar of Okawaru.
  3990 | D:4      | Reached skill level 11 in Maces & Flails
  3990 | D:4      | Reached XP level 6. HP: 63/66 MP: 6/6
  4001 | D:4      | Killed a yak
  4002 | D:4      | Reached XP level 7. HP: 52/72 MP: 7/7
  4017 | D:4      | Killed a yak
  4021 | D:4      | Killed a yak
  4022 | D:4      | Reached skill level 5 in Dodging
  4505 | D:4      | Found a runed translucent door.
  4506 | D:4      | Noticed Crazy Yiuf
  4696 | D:4      | Killed Crazy Yiuf
  4870 | D:5      | Found an opulent altar of Gozag.
  4918 | D:5      | Reached XP level 8. HP: 69/81 MP: 8/8
  5676 | D:5      | Found Imibbarchyu's Weapon Shoppe.
  6064 | D:6      | Noticed rumses's ghost (novice TrFi)
  6065 | D:6      | Noticed a troll
  6070 | D:6      | Found a transporter.
  6273 | D:6      | Found Dumigit's Distillery.
  6314 | D:6      | Found a radiant altar of Vehumet.
  6380 | D:6      | Reached XP level 9. HP: 92/92 MP: 9/9
  6389 | D:6      | Found a transporter.
  7049 | D:6      | Gained mutation: You are dopey. (Int -2) [potion of
                  | mutation]
  7049 | D:6      | Gained mutation: Your muscles are strong. (Str +2) [potion
                  | of mutation]
  7049 | D:6      | Lost mutation: You are dopey. (Int -2) [potion of mutation]
  7372 | D:7      | Found a staircase to the Ecumenical Temple.
  7545 | D:7      | Reached skill level 12 in Maces & Flails
  8645 | D:8      | Noticed a two-headed ogre
  8655 | D:8      | Killed a two-headed ogre
  8838 | D:8      | Reached XP level 10. HP: 104/104 MP: 10/10
  9854 | D:9      | Noticed Maggie
  9880 | D:9      | Killed Maggie
 10243 | D:9      | Reached *** piety under Trog
 10281 | D:9      | Found a staircase to the Orcish Mines.
 11179 | D:10     | Entered Level 10 of the Dungeon
 11185 | D:10     | Noticed a two-headed ogre
 11196 | D:9      | Killed a two-headed ogre
 11455 | D:10     | Reached XP level 11. HP: 115/115 MP: 11/11
 11465 | D:10     | Noticed a purple ugly thing
 11470 | D:10     | Killed a purple ugly thing
 11605 | D:10     | Found a glowing golden altar of the Shining One.
 11628 | D:10     | Found a shadowy altar of Dithmenos.
 11798 | D:10     | Reached **** piety under Trog
 11803 | D:10     | Reached skill level 13 in Maces & Flails
 12185 | D:10     | Found a staircase to the Lair.
 12215 | D:10     | Noticed a great orb of eyes
 12216 | D:10     | Noticed a fire dragon
 12217 | D:10     | Noticed a centaur warrior
 12219 | D:10     | Noticed a boulder beetle
 12220 | D:10     | Noticed an ogre mage
 12221 | D:10     | Noticed a cyclops
 12480 | Orc:1    | Entered Level 1 of the Orcish Mines
 12556 | D:9      | Reached skill level 10 in Fighting
 12669 | Orc:1    | Noticed an orc warlord
 12722 | D:9      | Killed an orc warlord
 12882 | Orc:1    | Reached skill level 10 in Dodging
 13178 | Orc:1    | Noticed an orc sorcerer
 13185 | Orc:1    | Killed an orc sorcerer
 13598 | Orc:1    | Noticed an orc knight
 13612 | Orc:1    | Killed an orc knight
 13613 | Orc:1    | Reached XP level 12. HP: 128/128 MP: 12/12
 13962 | Orc:1    | Noticed an orc high priest
 13979 | Orc:1    | Killed an orc high priest
 14137 | Orc:1    | Noticed a sun demon
 14398 | Orc:2    | Entered Level 2 of the Orcish Mines
 14398 | Orc:2    | Noticed a minotaur
 14399 | Orc:2    | Noticed sanboga's ghost (journeyman GrFi)
 14415 | Orc:2    | Reached skill level 14 in Maces & Flails
 14766 | D:6      | Killed rumses's ghost
 15243 | Orc:2    | Found a runed translucent gate.
 15243 | Orc:2    | Found a runed translucent gate.
 15243 | Orc:2    | Found a runed translucent gate.
 15248 | Orc:2    | Found Cikam's Antique Armour Boutique.
 15250 | Orc:2    | Noticed a two-headed ogre
 15369 | Orc:2    | Noticed a two-headed ogre
 15383 | Orc:2    | Killed a two-headed ogre
 15650 | Orc:2    | Noticed a two-headed ogre
 15651 | Orc:2    | Noticed a two-headed ogre
 15651 | Orc:2    | Noticed a two-headed ogre
 15661 | Orc:2    | Noticed a two-headed ogre
 15663 | Orc:2    | Reached ***** piety under Trog
 15666 | Orc:2    | Killed a two-headed ogre
 15670 | Orc:2    | Killed a two-headed ogre
 15671 | Orc:2    | Killed a two-headed ogre
 15675 | Orc:2    | Noticed a two-headed ogre
 15678 | Orc:2    | Reached XP level 13. HP: 140/140 MP: 13/13
 16238 | Orc:1    | Reached skill level 15 in Maces & Flails
 16466 | Orc:2    | Found Jiysch's Antique Weapon Boutique.
 16467 | Orc:2    | Found a staircase to the Elven Halls.
 16474 | Orc:2    | Found Joanomam's Distillery.
 16487 | Orc:2    | Found Niybiaw's Antique Armour Shop.
 16795 | Orc:2    | Noticed Jorgrun
 16814 | Orc:2    | Killed Jorgrun
 17035 | Orc:2    | Killed a minotaur
 17041 | Orc:2    | Killed sanboga's ghost
 17718 | Lair:1   | Entered Level 1 of the Lair of Beasts
 19245 | Lair:2   | Found a staircase to the Swamp.
 19276 | Lair:2   | Reached XP level 14. HP: 124/153 MP: 14/14
 20145 | Lair:3   | Lost mutation: Your muscles are strong. (Str +2) [potion of
                  | mutation]
 20145 | Lair:3   | Gained mutation: Your mind is acute. (Int +2) [potion of
                  | mutation]
 20145 | Lair:3   | Gained mutation: You expend magic power (3 MP) to
                  | strengthen your wands. [potion of mutation]
 20145 | Lair:3   | Gained mutation: You are partially covered in iridescent
                  | scales. (AC +2) [potion of mutation]
 20306 | Lair:3   | Reached skill level 16 in Maces & Flails
 20570 | Lair:3   | Found a hole to the Spider Nest.
 20808 | Lair:4   | Found a frozen archway.
 21324 | IceCv    | Entered an ice cave
 22455 | IceCv    | Reached skill level 15 in Fighting
 23412 | Lair:4   | Reached XP level 15. HP: 167/167 MP: 15/15
 23652 | Lair:4   | Reached skill level 15 in Dodging
 25067 | Lair:6   | Entered Level 6 of the Lair of Beasts
 25638 | Lair:6   | Lost mutation: Your mind is acute. (Int +2) [potion of
                  | mutation]
 25638 | Lair:6   | Lost mutation: You are partially covered in iridescent
                  | scales. (AC +2) [potion of mutation]
 25638 | Lair:6   | Lost mutation: You expend magic power (3 MP) to strengthen
                  | your wands. [potion of mutation]
 25638 | Lair:6   | Gained mutation: You have large cloven feet. [potion of
                  | mutation]
 25638 | Lair:6   | Gained mutation: You sometimes lose the ability to read
                  | scrolls when taking damage. [potion of mutation]
 25638 | Lair:6   | Gained mutation: You are robust. (+10% HP) [potion of
                  | mutation]
 25746 | Lair:6   | Identified the +1 scimitar of Nitiuh {elec, rPois Stlth+}
 25867 | Lair:5   | Received a gift from Trog
 26561 | Lair:6   | Found a staircase to the Slime Pits.
 26829 | Lair:6   | Reached skill level 17 in Maces & Flails
 27341 | Lair:6   | Found a runed translucent door.
 27711 | Lair:6   | Paralysed by a hornet for 1 turns
 28571 | D:11     | Identified the +0 robe of Pathos {Dex+4 SInv}
 28802 | D:11     | Found a runed translucent door.
 28827 | D:11     | Noticed Juicyj's ghost (amateur FoFi)
 28831 | D:11     | Killed Juicyj's ghost
 28876 | D:11     | Noticed Sonja
 28880 | D:11     | Killed Sonja
 28982 | D:11     | Found a blossoming altar of Fedhas.
 29664 | D:12     | Reached XP level 16. HP: 139/198 MP: 16/16
 30019 | D:12     | Noticed Urug
 30026 | D:12     | Killed Urug
 30383 | D:12     | Received a gift from Trog
 30534 | D:13     | Found an ancient bone altar of Kikubaaqudgha.
 30614 | D:13     | Found a runed translucent gate.
 30614 | D:13     | Found a runed translucent gate.
 30615 | D:13     | Found a runed translucent gate.
 30617 | D:13     | Noticed croobank's ghost (journeyman GnFE)
 30701 | D:13     | HP: 10/297 [something (13)]
 30701 | D:13     | Slain by a shadow wraith

Illustrated notes

Levels and vault maps discovered:
D:1:      heliophobic_arrival_battle_scene, layout_rooms,
          dreamdust_ecumenical_altar_drowned_temple
D:2:      minmay_wonky_spiral, layout_basic
D:3:      layout_rooms, nicolae_elyvilon_peaceful_grove, lemuel_doored_altar,
          st_stairs_8, minmay_misc_feat_plants
D:4:      layout_gridville, kennysheep_okawaru_gauntlet, fountainhead,
          chequers_serial_rivers_small_3, uniq_crazy_yiuf_cottage
D:5:      layout_loops_corners, grunt_gozag_statues, serial_shops,
          nicolae_shop_trees
D:6:      layout_gridville, vehumet_crystals, gammafunk_ghost_arena,
          enter_ossuary_2, serial_shops, shop, hellmonk_bongcloud_opening,
          nrook_mini_backslash, minivault_5, chequers_big_river
D:7:      layout_layer_cave, minmay_temple_entry_tees
D:8:      layout_gridville
D:9:      layout_roguey, erik_orc_3, uniq_maggie
D:10:     layout_roguey, mainiacjoe_overflow_catwalk_spiral,
          grunt_lair_entry_orc_guard_hut, minmay_misc_feat_encased,
          kennysheep_cluttered_room, grunt_decor_arrowhead, minmay_holes,
          onia_ninara_dug_in_and_dangerous
D:11:     layout_basic, ebering_ghost_reflecting_pool, tgw_fedhas, uniq_sonja
D:12:     layout_roguey, small_chamber_with_monster, uniq_urug
D:13:     layout_gridville, erik_vaults_1, gammafunk_ghost_spectres,
          kiku_gazebo_garden_becter, uniq_snorg, uniq_nessos
Lair:1:   layout_regular_city, cheibrodos_lair_reptile_den,
          infiniplex_staircase_pool_2
Lair:2:   layout_long_grid, swamp_mist, beast_lair_carwin_1
Lair:3:   layout_chaotic_city, spider_nest_entry_a
Lair:4:   layout_loops_ring, portal_ice_cave_entry_ice_simulacra,
          gauntlet_entry_generic
Lair:5:   layout_roguey, grunt_megastairs_5, serial_bayou_shore_a
Lair:6:   wormcave, layout_cave_shapes, guppyfry_lair_end_dragon, slime_dummy,
          infiniplex_staircase_pool, grunt_megastairs_2
Orc:1:    orc_temple, layout_caves
Orc:2:    st_orc_open, layout_diamond_mine, nicolae_volcano_entry_batcave,
          maelrawn_ghost_gauntlet_escape, nicolae_orc_lost_temple, uniq_jorgrun

Skill      XL: |  1  2  3  4  5  6  7  8  9 10 11 12 13 14 15 |
---------------+----------------------------------------------+-----
Dodging        | 3 4 5 6 7 8 10 11 13 14 16 | 16.3
Maces & Flails | 3 11 12 13 14 15 16 17 | 17.5
Fighting       | 5 6 7 9 10 12 13 15 16 | 16.5

Action                   |  1- 3 |  4- 6 |  7- 9 | 10-12 | 13-15 | 16-18 || total
-------------------------+-------+-------+-------+-------+-------+-------++-------
Melee: Mace              |   110 |   126 |   238 |   156 |       |       ||   630
       Punch             |     1 |     2 |     5 |     3 |       |       ||    11
       Flail             |       |       |       |   138 |       |       ||   138
       Giant spiked club |       |       |       |   450 |  1022 |    57 ||  1529
       Kick              |       |       |       |       |   105 |    27 ||   132
Throw: Large rock        |       |       |       |       |     6 |     1 ||     7
Invok: Berserk           |     2 |     2 |     9 |    20 |    22 |     2 ||    57
       Trog's Hand       |       |     1 |       |     1 |     1 |       ||     3
       Brothers in Arms  |       |       |       |     2 |     2 |       ||     4
Evoke: Wand              |       |     2 |     1 |     5 |       |       ||     8
  Use: Potion            |       |     7 |     4 |     9 |     4 |     1 ||    25
       Scroll            |       |       |       |    17 |     5 |       ||    22
 Stab: Invisible         |       |       |       |     1 |       |       ||     1
       Sleeping          |       |       |       |       |     2 |       ||     2
Armor: Animal skin       |    52 |    21 |    50 |    63 |       |       ||   186
       Steam dragon scal |       |       |       |   223 |    23 |       ||   246
       Robe              |       |       |       |       |   436 |    22 ||   458
Dodge: Dodged            |    75 |   142 |   155 |  1055 |  1615 |    59 ||  3101
